Map: Blackpink LE

Players

Scarlett

  • Race: Zerg Zerg
  • League: Master
  • Spawn Location: 1:00

Neeb - Winner!

  • Race: Protoss Protoss
  • League: Master
  • Spawn Location: 7:00

VOD

Have the link to the VOD?

Description

Time

  • Played on: Dec. 24, 2017, 8:54 p.m.
  • Length: 4:51
Show
View Real Time Build Order
Export as new Build Order

Scarlett Zerg 

Build Orders: Pool First 

Get SALT Encoding   

  12  0:01  Drone  
  13  0:12  Overlord  
  13  0:17  Drone  
  14  0:31  Drone x2  
  16  0:48  Drone  
  16  0:49  Drone  
  18  0:50  Extractor  
  18  0:51  Spawning Pool  
  16  1:00  Drone  
  17  1:17  Hatchery  
  16  1:20  Drone  
  16  1:25  Drone  
  18  1:29  Drone  
  19  1:39  Queen  
  19  1:43  Zergling x2  
  22  1:51  Metabolic Boost  
  22  2:01  Roach Warren  
  21  2:04  Drone  
  22  2:20  Overlord  
  22  2:28  Queen  
  24  2:41  Roach x3  
  24  2:42  Roach  
  32  2:45  Roach  
  33  2:51  Overlord  
  33  2:57  Roach  
  35  3:11  Zergling x8  
  39  3:15  Zergling x2  
  39  3:17  Ravager  
  41  3:23  Zergling x4  
  43  3:34  Overlord  
  43  3:36  Zergling x2  
  44  3:55  Ravager  
  42  4:01  Zergling x10  
  42  4:08  Zergling x2  
  42  4:09  Zergling x6  
  40  4:12  Zergling x2  
  40  4:16  Zergling x6  
  44  4:19  Drone  
  40  4:27  Drone  
  40  4:29  Drone  
  39  4:38  Drone  
Show
View Real Time Build Order
Export as new Build Order

Neeb Protoss - Winner!

Build Orders: 1 Gate Expand, Oracle Opening 

Get SALT Encoding   

  12  0:00  Probe  
  13  0:13  Pylon  
  13  0:18  Probe (Chrono Boost)  
  14  0:27  Probe (Chrono Boost)  
  15  0:32  Probe (Chrono Boost)  
  16  0:41  Gateway  
  16  0:44  Probe  
  17  0:50  Assimilator  
  17  0:56  Probe  
  18  0:59  Pylon  
  18  1:08  Probe  
  19  1:20  Probe  
  20  1:30  Nexus  
  20  1:36  Cybernetics Core  
  20  1:39  Probe  
  21  1:45  Assimilator  
  21  1:51  Probe  
  22  1:55  Pylon  
  22  2:03  Probe  
  23  2:11  Adept (Chrono Boost)  
  25  2:15  Probe  
  26  2:24  Stargate  
  26  2:28  Probe  
  27  2:30  Adept (Chrono Boost)  
  29  2:40  Warp Gate (Chrono Boost), Probe  
  29  2:43  Probe  
  31  2:50  Adept (Chrono Boost)  
  31  2:52  Probe  
  31  2:55  Probe  
  35  3:01  Gateway  
  35  3:04  Probe  
  36  3:09  Void Ray (Chrono Boost)  
  40  3:19  Shield Battery  
  40  3:24  Gateway  
  40  3:32  Pylon  
  40  3:44  Pylon  
  40  3:45  Oracle (Chrono Boost)  
  43  3:53  Shield Battery  
  43  3:57  Probe x2  
  43  4:02  Pylon  
  45  4:08  Pylon  
  43  4:15  Pylon  
  41  4:19  Probe  
  41  4:23  Probe  
  42  4:31  Probe  
  42  4:37  Pylon  
  42  4:38  Adept x2  
  43  4:39  Probe  
Tags
 
Add a new tag
Caveats
  • Supply blocks, unpowered buildings, or Contaminate may cause inaccurate times.
  • Supply counts are checked every 10 seconds.